AoeStats
← OM | Romeo D. Sins

African Clearing

510711856Analyzed
4v4 RM · 21h ago on Oct 2, 2026· 32m 20s· 8 players
Game mode
Random Map
Map size
Large (8 player)
Population
200
Speed
Normal
Resources
Standard
Victory
Conquest
Starting age
Dark Age
Ending age
Imperial Age
RankedLock teamsTeams togetherTeam positionsShared explorationLock speedFull tech treeHidden civsTurbo modeCheats
Victory
Defeat
🇹🇼 Goths · Taiwan
1604
+9
🇹🇼 Spanish · Taiwan
1508
+13
🇹🇼 Saracens · Taiwan
1447
+15
🇹🇷 Lithuanians · Türkiye
1412
+17
🇲🇽 Spanish · Mexico
1508
-16
🇲🇽 Wei · Mexico
1454
-14
🇲🇽 Magyars · Mexico
1417
-13
🇺🇸 Vietnamese · United States
1370
-11
真是太離譜了
9:56 Loom
12:03 Feudal Age
12:43 Double-Bit Axe
13:55 Town Watch
15:01 Forging
19:05 Fletching
25:30 Castle Age
24:00 Padded Archer Armor
23:48 Horse Collar
26:23 Bow Saw
27:21 Bloodlines
28:39 Husbandry
29:24 Wheelbarrow
29:17 Padded Archer Armor
LuLALa
3:18 Loom
14:31 Feudal Age
19:50 Castle Age
17:45 Horse Collar
17:53 Double-Bit Axe
18:14 Fletching
19:27 Padded Archer Armor
20:03 Crossbowman
29:09 Ballistics
31:47 Leather Archer Armor
31:56 Bodkin Arrow
32:50 Thumb Ring
bayirm17
6:55 Loom
12:24 Feudal Age
13:03 Double-Bit Axe
18:44 Bloodlines
25:43 Castle Age
23:49 Horse Collar
25:49 Light Cavalry
26:48 Husbandry
28:02 Bow Saw
29:17 Wheelbarrow
YiMia
3:54 Loom
12:22 Feudal Age
12:24 Man-at-Arms
15:06 Scale Mail Armor
17:16 Forging
24:27 Castle Age
24:58 Long Swordsman
25:39 Squires
26:33 Chain Mail Armor
26:13 Double-Bit Axe
27:31 Horse Collar
32:41 Wheelbarrow
32:04 Stone Mining
OM | Romeo D. Sins
3:26 Loom
12:11 Feudal Age
12:43 Double-Bit Axe
17:02 Scale Barding Armor
17:09 Forging
17:53 Scale Barding Armor
19:02 Horse Collar
21:10 Gold Mining
21:10 Stone Mining
21:57 Wheelbarrow
25:21 Castle Age
OM | SISKO PRO
3:08 Loom
13:28 Feudal Age
21:19 Castle Age
19:17 Fletching
22:06 Bodkin Arrow
alexisjcw
8:13 Loom
13:32 Feudal Age
14:35 Town Watch
16:51 Double-Bit Axe
19:14 Castle Age
17:46 Stone Mining
17:49 Gold Mining
20:04 Wheelbarrow
21:15 Fletching
21:26 Padded Archer Armor
21:19 Fishing Lines
22:47 Bodkin Arrow
25:05 Leather Archer Armor
28:30 Ballistics
GEN0S
5:26 Loom
14:04 Feudal Age
14:55 Man-at-Arms
15:40 Arson
22:43 Double-Bit Axe
23:20 Horse Collar
Connection lost

Rejoining the realm…

Still unreachable

The connection could not be restored.

Session expired

The server has moved on; the page needs a fresh start.